 Dungeon Crawl Stone Soup version 0.22.0-40-g68aacdc4c8 (webtiles) character file.

830 RealIsaac the Grappler (level 7, -10/66 HPs)
             Began as a Troll Gladiator on Aug 31, 2018.
             Was an Initiate of Makhleb.
             Killed from afar by Edmund (41 damage)
             ... with an exploding inner flame
             ... hexed by the player character
             ... on level 6 of the Dungeon on Sept 1, 2018.
             The game lasted 00:21:48 (4370 turns).

RealIsaac the Grappler (Troll Gladiator)            Turns: 4370, Time: 00:21:48

Health: -10/66     AC:  5    Str: 24    XL:     7   Next: 65%
Magic:  6/6        EV: 11    Int:  5    God:    Makhleb [......]
Gold:   196        SH:  0    Dex: 11    Spells: 6/6 levels left

rFire    . . .     SeeInvis .     - Unarmed
rCold    . . .     Gourm    +   (no shield)
rNeg     . . .     Faith    .   a - +0 robe
rPois    +         Spirit   .   b - +0 hat
rElec    .         Reflect  .   (no cloak)
rCorr    .         Harm     .   (gloves unavailable)
MR       .....                  (boots unavailable)
Stlth    +.........             (no amulet)
HPRegen  0.61/turn              u - ring of poison resistance
MPRegen  0.10/turn              (no ring)

@: no status effects
A: large, unfitting armour, claws 3, fast metabolism 3, gourmand, regeneration
1, shaggy fur 1, tough skin 2
a: Renounce Religion


You were on level 6 of the Dungeon.
You worshipped Makhleb.
Makhleb was noncommittal.
You were very full.

You visited 2 branches of the dungeon, and saw 7 of its levels.

You collected 196 gold pieces.

Inventory:

Missiles
 c - 4 throwing nets (quivered)
Armour
 a - a +0 robe (worn)
 b - a +0 hat (worn)
 t - a cursed +0 robe
Jewellery
 p - an uncursed amulet of magic regeneration
 u - a ring of poison resistance (left claw)
Scrolls
 e - 4 scrolls of remove curse
 f - 2 scrolls of teleportation
 h - a scroll of magic mapping
 i - a scroll of amnesia {unknown}
 j - a scroll of enchant armour {unknown}
 m - a scroll of random uselessness {unknown}
 o - 4 scrolls of fog
 q - a scroll of immolation
Potions
 g - a potion of degeneration {unknown}
 l - a potion of curing {unknown}
 n - a potion of mutation {unknown}
 r - a potion of magic {unknown}
 s - a potion of haste {unknown}
 v - a potion of brilliance {unknown}
Comestibles
 d - 9 rations


   Skills:
 * Level 2.7 Fighting
 - Level 1.8 Throwing
 + Level 3.3 Dodging
 + Level 0.1 Stealth
 * Level 8.2 Unarmed Combat


You had 6 spell levels left.
You didn't know any spells.
Your spell library was empty.

Dungeon Overview and Level Annotations

Branches:
Dungeon (6/15)             Temple (1/1) D:4

Altars:
Cheibriados
Dithmenos
Gozag
Hepliaklqana
Kikubaaqudgha
Makhleb
Nemelex Xobeh
Trog
Vehumet
Zin
The Shining One

Shops:
D:4 [   D:5 :


Innate Abilities, Weirdness & Mutations

You are too large for most types of armour.
You have claws for hands.
Your metabolism is lightning-fast.
You like to eat raw meat.
Your natural rate of healing is unusually fast.
You are covered in fur. (AC +1)
You have very tough skin. (AC +2)


Message History

You miss Edmund.
Edmund is severely wounded.
Edmund hits you with a dire flail of protection.
You claw Edmund!
Edmund is almost dead.
Edmund hits you with a dire flail of protection.
You scratch Edmund but do no damage.
Edmund is almost dead.
You miss Edmund.
Edmund is almost dead.
Edmund mutters, "Who needs spells, anyway?"
Edmund hits you with a dire flail of protection!
You closely miss Edmund. Your claw misses Edmund.
Edmund is almost dead.
Edmund hits you with a dire flail of protection!
You claw Edmund!
Edmund explodes!
The fiery explosion engulfs you!
Ouch! That really hurt!
You die...

#.# #.# #########.#
**#.# #.# #.# ,**,* #.#
#.# .**,* #)# #.# ,**,*
#.# #.# ,**,* #.# #.##
,**,**#.# #..#
,,,,,,#.############.#
,,***,*,,.....ยงยง@....#
,,* *,,,,#############
,,***,**<* ,,,,,,**,**
,**,***,*,***
,,,,,,,***,,*
,**,***,*,*,*
,**,**,,,**,*
,**,**,****,*


There were no monsters in sight!

Vanquished Creatures
  A scorpion (D:5)
  A howler monkey (D:3)
  3 crimson imps (D:5)
  A centaur zombie (D:5)
  3 hounds
  2 bullfrog skeletons
  An orc wizard (D:4)
  2 iguanas
  4 worker ants
  9 adders
  6 gnolls
  2 shadow imps
  2 oozes
  4 worms
  3 dart slugs
  8 orcs
  5 giant cockroaches
  8 goblins
  10 hobgoblins
  9 jackals
  8 kobolds
  3 quokkas
  2 ball pythons
  6 bats
  5 frilled lizards
  A jackal skeleton (D:4)
  14 rats
123 creatures vanquished.

Notes
Turn   | Place    | Note
-------+----------+-------------------------------------------
     0 | D:1      | RealIsaac the Troll Gladiator began the quest for the Orb.
     0 | D:1      | Reached XP level 1. HP: 19/19 MP: 0/0
   165 | D:1      | Reached XP level 2. HP: 27/27 MP: 1/1
   760 | D:2      | Reached XP level 3. HP: 34/35 MP: 2/2
   763 | D:2      | Reached skill level 4 in Unarmed Combat
   981 | D:2      | Reached XP level 4. HP: 41/42 MP: 3/3
  1438 | D:2      | Reached skill level 5 in Unarmed Combat
  1465 | D:2      | Found a glowing golden altar of the Shining One.
  1619 | D:3      | Reached XP level 5. HP: 44/49 MP: 4/4
  1697 | D:3      | Found an opulent altar of Gozag.
  1904 | D:3      | Found a hazy altar of Hepliaklqana.
  2527 | D:4      | Reached skill level 6 in Unarmed Combat
  2527 | D:4      | Reached XP level 6. HP: 44/57 MP: 5/5
  2911 | D:4      | Found Fyitam's Armour Boutique.
  2951 | D:4      | Found a sparkling altar of Nemelex Xobeh.
  2985 | D:4      | Found a staircase to the Ecumenical Temple.
  3010 | Temple   | Entered the Ecumenical Temple
  3079 | Temple   | Became a worshipper of Makhleb the Destroyer
  3335 | D:5      | Entered Level 5 of the Dungeon
  3399 | D:5      | Reached skill level 7 in Unarmed Combat
  3522 | D:5      | Reached XP level 7. HP: 39/66 MP: 6/6
  3738 | D:5      | Reached skill level 8 in Unarmed Combat
  3847 | D:5      | Found Orohuic's Book Shop.
  3928 | D:5      | Found a snail-covered altar of Cheibriados.
  3935 | D:5      | Found a radiant altar of Vehumet.
  4130 | D:6      | Found an ancient bone altar of Kikubaaqudgha.
  4344 | D:6      | Noticed Edmund
  4370 | D:6      | Killed Edmund
  4370 | D:6      | Killed from afar by Edmund

Skill      XL: |  1  2  3  4  5  6  7 |
---------------+----------------------+-----
Unarmed Combat | 4 5 6 7 8 |  8.2
Fighting       | 2 |  2.7
Dodging        | 3 |  3.3
Throwing       | |  1.8
Stealth        | |  0.1

Action                   |  1- 3 |  4- 6 |  7- 9 || total
-------------------------+-------+-------+-------++-------
Melee: Unarmed           |    93 |   209 |    77 ||   379
       Punch             |     1 |     6 |       ||     7
  Use: Scroll            |       |     5 |     4 ||     9
       Potion            |       |     1 |     1 ||     2
  Eat: Chunk             |    14 |    24 |     7 ||    45
Armor: Robe              |    41 |    74 |    18 ||   133
Dodge: Dodged            |    50 |   101 |    56 ||   207
